 Dungeon Crawl Stone Soup version 0.31-a0-145-g046c7d2549 (webtiles) character file.

Game seed: 7736706857321644850

37 qw the Shooter (level 3, -3/31 HPs)
             Began as a Minotaur Hunter on June 7, 2023.
             Killed by divine providence
             ... invoked by an orc priest
              (13 damage)
             ... on level 2 of the Dungeon.
             The game lasted 00:00:24 (810 turns).

qw the Shooter (Minotaur Hunter)                     Turns: 810, Time: 00:00:24

Health: -3/31      AC:  4    Str: 15    XL:     3   Next: 21%
Magic:  2/2        EV: 12    Int:  6    God:
Gold:   51         SH:  0    Dex: 15    Spells: 2/2 levels left

rFire   . . .        Y - +0 shortbow
rCold   . . .        (shield currently unavailable)
rNeg    . . .        c - +0 leather armour
rPois   .            (helmet restricted)
rElec   .            (no cloak)
rCorr   .            (no gloves)
SInv    .            j - +0 pair of boots
Will    .....        (no amulet)
Stlth   +            (no ring)
HPRegen 0.25/turn    (no ring)
MPRegen 0.08/turn

%: no passive effects
@: no status effects
A: horns 2, retaliatory headbutt
a: no special abilities


You were on level 2 of the Dungeon.
You visited 1 branch of the dungeon, and saw 2 of its levels.

You collected 51 gold pieces.


Innate Abilities, Weirdness & Mutations

You have a pair of horns on your head.
You reflexively headbutt those who attack you in melee.


   Skills:
 - Level 3.0 Fighting
 + Level 5.3 Ranged Weapons
 - Level 2.1 Dodging
 - Level 0.7 Stealth


You had 2 spell levels left.
You didn't know any spells.
Your spell library was empty.

Inventory:

Hand Weapons
 Y - a +0 shortbow (weapon)
Armour
 c - a +0 leather armour (worn)
 j - a +0 pair of boots (worn)
Scrolls
 a - 2 scrolls of identify
Potions
 b - a potion of degeneration {unknown}
 d - a potion of might {unknown}
 e - a potion of berserk rage {unknown}
 l - a potion of resistance {unknown}
 m - a potion of curing {unknown}

Dungeon Overview and Level Annotations

Branches:
Dungeon (2/15)

Altars:


Message History

You shoot an arrow. The arrow hits the orc.
The orc is lightly wounded.
An orc priest comes into view. It is wielding a +0 short sword.
You shoot an arrow. The orc priest shouts!
The arrow hits the orc.
The orc is moderately wounded.
You hear a shout!
The orc hits you with a +0 whip.
An orc comes into view. It is wielding a +0 hand axe.
You shoot an arrow. The orc shouts!
The arrow hits the orc.
The orc is heavily wounded.
The orc closely misses you.
An orc comes into view. It is wielding a +0 club.
The orc barely misses you.
You shoot an arrow. The arrow hits the orc.
The orc is heavily wounded.
The orc hits you but does no damage.
You shoot an arrow.
The arrow hits the orc but does no damage.
The orc is heavily wounded.
The orc closely misses you.
You shoot an arrow.
The arrow hits the orc but does no damage.
The orc is heavily wounded.
The orc priest mumbles some strange prayers to Beogh against you.
Beogh smites you! The orc hits you with a +0 whip.
You shoot an arrow. The arrow hits the orc!
You kill the orc!
You shoot an arrow. The arrow hits the orc priest.
The orc priest is lightly wounded.
The orc closely misses you. The orc priest closely misses you.
You shoot an arrow. The arrow barely misses the orc priest.
The orc barely misses you. The orc hits you but does no damage.
The orc completely misses you.
The orc priest invokes the aid of Beogh against you.
Beogh smites you!
You die...

...#...#
..#####.#
..... #...#
#.# .#...# #.
..).#
##############
#####..
#......:......
.......##
#.###########.
#..oo###.# #.
#@o...# #>
#....##### #.
#..### #.
..... #. ..#..
#. #..!# #.
##.# #. #. #.
#.


You could see an orc priest and 2 orcs.

Vanquished Creatures
  2 orcs (D:2)
  4 bats
  4 endoplasms (D:1)
  2 giant cockroaches (D:1)
  3 goblins
  2 hobgoblins
  4 jackals (D:1)
  A kobold (D:2)
  A ball python (D:1)
  3 frilled lizards (D:1)
  5 rats
31 creatures vanquished.

Notes
Turn   | Place    | Note
-------+----------+-------------------------------------------
     0 | D:1      | qw the Minotaur Hunter began the quest for the Orb.
     0 | D:1      | Reached XP level 1. HP: 18/18 MP: 0/0
     0 | D:1      | 0 ||| qw: Version: 0.2-a-117-gc6b5c8b
     0 | D:1      | 0 ||| qw: Game counter: 2444
     0 | D:1      | 0 ||| qw: Always use a shield: true
     0 | D:1      | 0 ||| qw: God list: Okawaru
     0 | D:1      | 0 ||| qw: Allow faded altars: false
     0 | D:1      | 0 ||| qw: Do Orc after D:15 true
     0 | D:1      | 0 ||| qw: Do second Lair branch before Depths: true
     0 | D:1      | 0 ||| qw: Lair rune preference: random
     0 | D:1      | 0 ||| qw: Plans: Normal
     0 | D:1      | 0 ||| PLANNING D:1-11
    22 | D:1      | Reached XP level 2. HP: 25/25 MP: 1/1
    27 | D:1      | Reached skill level 5 in Ranged Weapons
   242 | D:1      | Reached skill level 3 in Fighting
   568 | D:1      | 568 ||| UPGRADING to +0 pair of boots.
   573 | D:1      | 573 ||| READING 4 scrolls labelled OPEURO TEULL.
   574 | D:1      | 574 ||| READING scroll labelled SENIAS GETOI.
   575 | D:1      | 575 ||| READING scroll labelled VIUTWUUSEA.
   576 | D:1      | 576 ||| READING scroll labelled MUMYATHREFROO.
   577 | D:1      | 577 ||| READING scroll labelled AHIRUA HUWNO.
   625 | D:1      | 625 ||| READING 3 scrolls of identify.
   625 | D:1      | 625 ||| IDENTIFYING coppery potion
   626 | D:1      | 626 ||| READING 2 scrolls of identify.
   626 | D:1      | 626 ||| IDENTIFYING fizzy inky potion
   627 | D:1      | 627 ||| DROPPING scroll of butterflies.
   628 | D:1      | 628 ||| DROPPING potion of enlightenment.
   629 | D:1      | 629 ||| DROPPING potion of magic.
   659 | D:2      | Reached XP level 3. HP: 31/31 MP: 2/2
   665 | D:2      | Found a faded altar of an unknown god.
   797 | D:2      | Identified the amulet "Onnia" {Spirit rElec Int+2}
   810 | D:2      | Killed from afar by an orc priest

Levels and vault maps discovered:
D:1:      psy_arrival_statuary, layout_basic
D:2:      layout_loops_ring, shapermc_ecumenical_altar_acropolis

Skill      XL: |  1  2 |
---------------+-------+-----
Ranged Weapons | 5 |  5.3
Fighting       | 3 |  3.0
Dodging        | |  2.1
Stealth        | |  0.7

Action                     || total
---------------------------++-------
   Fire: Shortbow          ||    86
    Use: Scroll            ||     7
 Armour: Leather armour    ||     8
  Dodge: Dodged            ||    18

Table legend:
 A = Non-vault XP
 B = Vault XP
 C = Vault XP percentage of total XP
 D = Non-vault monster count
 E = Vault monster count
 F = Vault count percentage of total count
                 A         B        C        D         E       F
            +---------+---------+-------+---------+---------+-------
      Total |      53 |       0 |   0.0 |      31 |       0 |   0.0
            +---------+---------+-------+---------+---------+-------
        D:1 |      40 |       0 |   0.0 |      24 |       0 |   0.0
        D:2 |      13 |       0 |   0.0 |       7 |       0 |   0.0
            +---------+---------+-------+---------+---------+-------
